 Dungeon Crawl Stone Soup version 0.27-a0-1191-g601b473118 (webtiles) character file.

Game seed: 10582051134092501146

604 agentchuck the Sneak (level 7, -2/55 HPs)
             Began as a Naga Venom Mage on May 25, 2021.
             Slain by a phantom (8 damage)
             ... on level 6 of the Dungeon.
             The game lasted 00:19:14 (3772 turns).

agentchuck the Sneak (Naga Venom Mage)              Turns: 3772, Time: 00:19:15

Health: -2/55      AC:  4    Str: 10    XL:     7   Next: 42%
Magic:  12/12      EV: 10    Int: 18    God:
Gold:   232        SH:  0    Dex: 11    Spells: 6/12 levels left

rFire    + . .     SeeInvis +   v - +2 mace (holy)
rCold    . . .     Faith    .   (no shield)
rNeg     . . .     Spirit   .   a - +0 robe
rPois    +         Reflect  .   t - +0 helmet
rElec    .         Harm     .   (no cloak)
rCorr    .         Rampage  .   (no gloves)
Will     .....                  (no barding)
Stlth    +++.......             (no amulet)
HPRegen  0.18/turn              F - ring of protection from fire
MPRegen  0.13/turn              (no ring)

@: very slow
A: AC +2, large, see invisible, deformed body, poison resistance, slowness 2,
spit poison 1, naga tail 1
a: Spit Poison


You were on level 6 of the Dungeon.
You visited 1 branch of the dungeon, and saw 6 of its levels.

You collected 232 gold pieces.


Innate Abilities, Weirdness & Mutations

Your serpentine skin is tough. (AC +2)
You have supernaturally acute eyesight. (SInv)
Armour fits poorly on your strangely shaped body.
Your system is resistant to poisons. (rPois)
You cover ground very slowly.
You can spit poison.
You have a snake-like lower body.


   Skills:
 + Level 2.4 Dodging
 - Level 6.8 Stealth
 - Level 3.3 Spellcasting
 + Level 2.0 Conjurations
 - Level 1.0 Transmutations
 - Level 2.1 Air Magic
 - Level 6.7 Poison Magic


You had 6 spell levels left.
You knew the following spells:

 Your Spells              Type           Power      Damage    Failure   Level
m - Mephitic Cloud        Conj/Pois/Air  16%        N/A       11%         3
p - Poisonous Vapours     Pois/Air       38%        N/A       3%          2
z - Sting                 Tmut/Pois      64%        1d6       3%          1

Your spell library contained the following spells:

 Spells                   Type           Power      Damage    Failure   Level
 Olgreb's Toxic Radiance  Pois           27%        N/A       10%         4
 Ignite Poison            Fire/Tmut/Pois 12%        N/A       16%         3

Inventory:

Hand Weapons
 c - a +0 dagger
 e - a +0 hunting sling
 f - a +0 short sword
 i - a +0 mace
 v - a +2 mace of holy wrath (weapon)
 w - a +2 vorpal whip
Missiles
 d - 32 sling bullets
 l - 87 stones
 n - 7 atropa-tipped darts
 y - 3 boomerangs
Armour
 a - a +0 robe (worn)
 b - a +0 ring mail
 p - a +0 tower shield
 t - a +0 helmet (worn)
Jewellery
 F - a ring of protection from fire (left hand)
Scrolls
 g - a scroll of enchant weapon {unknown}
 m - a scroll of teleportation {unknown}
 o - a scroll of immolation {unknown}
 r - a scroll of vulnerability {unknown}
 s - a scroll of fear {unknown}
 x - 2 scrolls of identify {unknown}
Potions
 h - a potion of heal wounds {unknown}
 j - a potion of degeneration {unknown}
 k - a potion of curing {@q1}
 q - a potion of flight {unknown}
 u - 2 potions of might {unknown}
 z - a potion of berserk rage {unknown}
 A - a potion of magic {unknown}

Dungeon Overview and Level Annotations

Branches:
Dungeon (6/15)
 Temple: D:4-7

Altars:
Qazlal

Shops:
D:4 (

Annotations:
D:4 3 runed translucent doors, bande's ghost, amateur GrFi

#.## #.. #).
... #.# #.#
### ##.#...##
##W@.# .#
.........# (#
######...###.
####..(# #(.#
#######(.#
#........#
#(#####ยง##
#.# #.#


You could see a phantom.


Message History

The phantom hits you.
* * * LOW HITPOINT WARNING * * *
The phantom blinks!
You blink.
The phantom hits you but does no damage.
You closely miss the phantom.
The phantom is almost destroyed.
The phantom hits you.
* * * LOW HITPOINT WARNING * * *
You closely miss the phantom.
The phantom is almost destroyed.
The phantom hits you.
* * * LOW HITPOINT WARNING * * *
The phantom hits you.
* * * LOW HITPOINT WARNING * * *
The phantom blinks!
You blink.
The phantom hits you.
* * * LOW HITPOINT WARNING * * *
The phantom blinks!
You blink.
Found a glowing falchion.
You completely miss the phantom.
The phantom is almost destroyed.
The phantom hits you.
* * * LOW HITPOINT WARNING * * *
Okay, then.
You closely miss the phantom.
The phantom is almost destroyed.
The phantom hits you!
* * * LOW HITPOINT WARNING * * *
The phantom hits you!
You die...

Skill      XL: |  1  2  3  4  5  6  7 |
---------------+----------------------+-----
Poison Magic   | 5 6 |  6.7
Air Magic      | 1 2 |  2.1
Stealth        | 4 5 6 |  6.8
Spellcasting   | 3 |  3.3
Dodging        | 2 |  2.4
Conjurations   | 2 |  2.0
Transmutations | |  1.0

Action                   |  1- 3 |  4- 6 |  7- 9 || total
-------------------------+-------+-------+-------++-------
Melee: Unarmed           |     1 |       |       ||     1
       Dagger            |     9 |       |       ||     9
       Short sword       |     6 |       |       ||     6
       Whip              |     2 |    15 |       ||    17
       Mace              |       |    41 |    10 ||    51
 Fire: Hunting sling     |     5 |       |    10 ||    15
 Cast: Sting             |    27 |     9 |     2 ||    38
       Poisonous Vapours |    25 |    16 |     4 ||    45
       Mephitic Cloud    |       |     1 |       ||     1
 Abil: Spit Poison       |     9 |     6 |     1 ||    16
  Use: Scroll            |       |     3 |       ||     3
       Potion            |       |     1 |       ||     1
 Stab: Sleeping          |       |     2 |       ||     2
Armor: Robe              |     7 |    20 |     2 ||    29
Dodge: Dodged            |    23 |    36 |     5 ||    64

Levels and vault maps discovered:
D:1:      mainiacjoe_arrival_reflecting_pool, layout_loops_corners
D:2:      layout_rooms
D:3:      layout_loops_corners, amcnicky_altar_gilded, minmay_misc_feat_chi,
          kennysheep_generic_room_5
D:4:      layout_loops_ring, ebering_ghost_rock_garden, serial_shops,
          shop_fountains, minmay_starry_boxes, uniq_robin
D:5:      layout_loops_corners, uniq_pikel
D:6:      layout_loops_ring, minmay_temple_entry_sparse_star

Notes
Turn   | Place    | Note
-------+----------+-------------------------------------------
     0 | D:1      | agentchuck the Naga Venom Mage began the quest for the Orb.
     0 | D:1      | Reached XP level 1. HP: 15/15 MP: 3/3
   357 | D:1      | Reached XP level 2. HP: 17/22 MP: 1/5
   360 | D:1      | Learned a level 2 spell: Poisonous Vapours
   504 | D:2      | Reached skill level 5 in Poison Magic
   806 | D:2      | Reached XP level 3. HP: 22/28 MP: 3/6
   810 | D:2      | Learned a level 3 spell: Mephitic Cloud
  1439 | D:3      | Found a stormy altar of Qazlal.
  1474 | D:3      | Reached skill level 6 in Poison Magic
  1793 | D:4      | Found a runed translucent gate.
  1793 | D:4      | Found a runed translucent gate.
  1793 | D:4      | Found a runed translucent gate.
  1793 | D:4      | Noticed bande's ghost (amateur GrFi)
  1926 | D:4      | Reached XP level 4. HP: 31/36 MP: 4/7
  2094 | D:4      | Noticed Robin
  2100 | D:4      | Killed Robin
  2234 | D:5      | Entered Level 5 of the Dungeon
  2303 | D:5      | Reached skill level 1 in Air Magic
  2345 | D:5      | Reached skill level 4 in Stealth
  2345 | D:5      | Reached XP level 5. HP: 15/42 MP: 1/8
  2591 | D:5      | Reached skill level 2 in Air Magic
  2741 | D:5      | Reached skill level 5 in Stealth
  2757 | D:5      | Reached XP level 6. HP: 39/49 MP: 9/9
  3087 | D:5      | Reached skill level 6 in Stealth
  3153 | D:4      | Reached skill level 3 in Spellcasting
  3592 | D:4      | Found Zeiblev's Weapon Shoppe.
  3651 | D:6      | Reached XP level 7. HP: 38/55 MP: 6/12
  3660 | D:6      | Noticed a steam dragon
  3677 | D:6      | Killed a steam dragon
  3678 | D:6      | Reached skill level 2 in Dodging
  3678 | D:6      | Reached skill level 1 in Conjurations
  3700 | D:6      | Reached skill level 2 in Conjurations
  3772 | D:6      | Slain by a phantom

Vanquished Creatures
  A steam dragon (D:6)
  An ogre (D:4)
  A scorpion (D:5)
  A wyvern skeleton (D:5)
  2 bullfrog zombies (D:5)
  A jelly (D:6)
  A hound (D:5)
  A bullfrog skeleton (D:4)
  A scorpion zombie (D:5)
  An iguana (D:6)
  A hound zombie (D:5)
  A hound skeleton (D:5)
  Robin (D:4)
  An adder (D:6)
  A worm (D:3)
  A dart slug (D:2)
  4 orcs
  4 bats
  4 endoplasms
  A giant cockroach (D:2)
  14 goblins
  6 hobgoblins
  4 quokkas
  6 ball pythons
  A frilled lizard (D:1)
  6 kobolds
  4 rats
71 creatures vanquished.

Table legend: (Time is in decaauts)
 A = Elapsed time spent in this place.
 B = Non-inter-level travel time spent in this place.
 C = Inter-level travel time spent in this place.
 D = Time resting spent in this place.
 E = Time spent auto-exploring this place.
 F = Levels seen in this place.
 G = Mean time per level.
                   A        B        C        D        E       F      G
               +--------+--------+--------+--------+--------+-----+--------+
         Total |   4506 |   4167 |    339 |   1593 |     23 |   6 |  751.0 |
       Dungeon |   4506 |   4167 |    339 |   1593 |     23 |   6 |  751.0 |
               +--------+--------+--------+--------+--------+-----+--------+

Top non-repeatable levels by time:
     D:4: 1173 daAuts
     D:5: 1071 daAuts
     D:3: 908 daAuts
     D:1: 621 daAuts
     D:2: 569 daAuts
     D:6: 161 daAuts

Table legend:
 A = Non-vault XP
 B = Vault XP
 C = Vault XP percentage of total XP
 D = Non-vault monster count
 E = Vault monster count
 F = Vault count percentage of total count
                 A         B        C        D         E       F
            +---------+---------+-------+---------+---------+-------
      Total |     826 |      38 |   4.4 |      58 |      13 |  18.3
            +---------+---------+-------+---------+---------+-------
        D:1 |      17 |       0 |   0.0 |      12 |       0 |   0.0
        D:2 |      24 |       0 |   0.0 |      13 |       0 |   0.0
        D:3 |      25 |       0 |   0.0 |      11 |       0 |   0.0
        D:4 |     119 |      38 |  24.2 |      10 |      13 |  56.5
        D:5 |     363 |       0 |   0.0 |       8 |       0 |   0.0
        D:6 |     278 |       0 |   0.0 |       4 |       0 |   0.0
            +---------+---------+-------+---------+---------+-------
